 Dungeon Crawl Stone Soup version 0.28.0 (webtiles) character file.

Game seed: 10213935892383083886

48 Kaptain the Magician (level 3, -3/39 HPs)
             Began as a Palentonga Hedge Wizard on Feb 18, 2022.
             Slain by Terence (4 damage)
             ... on level 3 of the Dungeon.
             The game lasted 00:06:13 (2387 turns).

Kaptain the Magician (Palentonga Hedge Wizard)      Turns: 2387, Time: 00:06:14

Health: -3/39      AC: 21    Str: 11 (13) XL:     3   Next: 50%
Magic:  1/7        EV:  1    Int: 13 (16) God:
Gold:   122        SH:  0    Dex:  8 (9)  Spells: 1/8 levels left

rFire   . . .      SeeInvis +   l - +2 short sword (protect)
rCold   . . .      Faith    .   (no shield)
rNeg    . . .      Spirit   .   (armour currently unavailable)
rPois   +          Reflect  .   (helmet currently unavailable)
rElec   .          Harm     .   (cloak currently unavailable)
rCorr   .          Rampage  .   (gloves currently unavailable)
Will    .....      NoTele   +   (no barding)
Stlth   +.........              e - amulet of magic regeneration
HPRegen 0.13/turn               (no ring)
MPRegen 0.50/turn               (no ring)

@: tree-form
A: stationary, stasis, torment immunity, boosted hp, large, rugged brown scales
3, see invisible, (deformed body), (roll 1), (armoured tail)
a: no special abilities


You were on level 3 of the Dungeon.
You were a tree.
You visited 1 branch of the dungeon, and saw 3 of its levels.

You collected 122 gold pieces.

Inventory:

Hand Weapons
 l - a +2 short sword of protection (weapon)
Missiles
 d - 18 arrows
 g - 10 poisoned darts (quivered)
 n - 75 stones
Armour
 c - a +0 hat
 f - a +0 leather armour (melded)
 k - a +0 helmet (melded)
Jewellery
 e - an amulet of magic regeneration (around neck)
 j - an amulet of reflection
Potions
 i - a potion of cancellation


   Skills:
 + Level 0.9 Fighting
 - Level 1.6 Dodging
 + Level 1.6 Stealth
 * Level 3.4 Spellcasting
 * Level 1.8 Conjurations
 - Level 0.8 Summonings
 - Level 1.1 Translocations
 + Level 0.0 Earth Magic


You had one spell level left.
You knew the following spells:

 Your Spells              Type           Power      Damage    Failure   Level
a - Magic Dart            Conj           28%        1d4       11%         1
b - Blink                 Tloc           10%        N/A       22%         2
c - Mephitic Cloud        Conj/Pois/Air  3%         N/A       45%         3
d - Sandblast             Erth           4%         2d4       22%         1

Your spell library contained the following spells:

 Spells                   Type           Power      Damage    Failure   Level
 Slow                     Hex            8%         N/A       22%         1
 Call Imp                 Summ           4%         N/A       24%         2
 Passwall                 Tmut/Erth      1%         N/A       32%         2
 Conjure Flame            Conj/Fire      4%         6-21      41%         3
 Stone Arrow              Conj/Erth      8%         3d7       41%         3


Dungeon Overview and Level Annotations

Branches:
Dungeon (3/15)

Altars:
Xom

Annotations:
D:3 Terence


Innate Abilities, Weirdness & Mutations

You are a tree.
Your roots penetrate the ground, keeping you stationary.
You cannot be teleported.
You are immune to unholy pain and torment.
Your maximum health is greatly increased.
Your equipment is partially melded.
(You are completely covered in rugged brown scales. (AC +3, +7% HP))
You have supernaturally acute eyesight. (SInv)
((Armour fits poorly on your strangely shaped body.))
((You can roll at nearby foes to attack.))
((You have a long armoured tail.))


Message History

You aren't carrying any items that you can evoke.
Unknown command.
As you read the scroll labelled TATIUH BURGHU, it crumbles to dust.
You cannot blink because you are held in place by your roots.
It was a scroll of blinking.
Terence hits you but does no damage.
Unknown command.
Okay, then.
As you read the scroll labelled ITSE GIEGAODI, it crumbles to dust.
You feel a strange sense of stasis.
It was a scroll of teleportation.
Terence hits you but does no damage.
You hit Terence.
Your weapon exudes an aura of protection.
Terence is heavily wounded.
Terence hits you but does no damage.
Casting: Magic Dart (safe; 11% risk of failure)
Confirm with . or Enter, or press ? or * to list all spells.
Aiming: Magic Dart (safe; 11% risk of failure)
Press: ? - help, Shift-Dir - straight line, f/p - Terence
Aim: Terence, wielding a +0 falchion and wearing a +0 scale mail (heavily wounded, 100% to hit)
The magic dart hits Terence but does no damage.
Terence is heavily wounded.
Terence drinks a potion.
Terence is healed!
Casting: Magic Dart (safe; 11% risk of failure)
Confirm with . or Enter, or press ? or * to list all spells.
Aiming: Magic Dart (safe; 11% risk of failure)
Press: ? - help, Shift-Dir - straight line, f/p - Terence
Aim: Terence, wielding a +0 falchion and wearing a +0 scale mail (lightly wounded, 100% to hit)
The magic dart hits Terence but does no damage.
Terence is lightly wounded.
Terence hits you with a +0 falchion.
* * * LOW HITPOINT WARNING * * *
Casting: Magic Dart (safe; 11% risk of failure)
Confirm with . or Enter, or press ? or * to list all spells.
Aiming: Magic Dart (safe; 11% risk of failure)
Press: ? - help, Shift-Dir - straight line, f/p - Terence
Aim: Terence, wielding a +0 falchion and wearing a +0 scale mail (lightly wounded, 100% to hit)
The magic dart hits Terence but does no damage.
Terence is lightly wounded.
Terence hits you with a +0 falchion.
You die...

######.#.....#.#.##......#
#......#####........#.##.#
#......# #.#.####.#.##.#
#......# #.#..# ###.##.#
#......# ###..# #..#.#
#......# #..# #..#.# ######.#
#..# #..#.#
#######.#######..#####..#.###
...<........♣@...............
########################.....
........>... ###.####....
#....... ##....... #........
#........ #........


You could see Terence.

Vanquished Creatures
  An adder (D:2)
  A worm (D:3)
  A ball python (D:2)
  5 endoplasms
  4 giant cockroaches
  3 goblins
  A hobgoblin (D:2)
  5 kobolds
  5 quokkas
  3 bats (D:2)
  2 frilled lizards (D:1)
  3 rats (D:1)
34 creatures vanquished.

Notes
Turn   | Place    | Note
-------+----------+-------------------------------------------
     0 | D:1      | Kaptain the Palentonga Hedge Wizard began the quest for the
                  | Orb.
     0 | D:1      | Reached XP level 1. HP: 13/13 MP: 4/4
   233 | D:1      | Reached skill level 1 in Conjurations
   660 | D:1      | Reached XP level 2. HP: 20/20 MP: 6/6
   978 | D:1      | Learned a level 2 spell: Blink
  1445 | D:2      | Found a faded altar of an unknown god.
  1500 | D:2      | Reached XP level 3. HP: 21/26 MP: 3/7
  1604 | D:2      | Learned a level 3 spell: Mephitic Cloud
  1663 | D:2      | Learned a level 1 spell: Sandblast
  1724 | D:2      | Found a shimmering altar of Xom.
  2337 | D:3      | Noticed Terence
  2386 | D:3      | HP: 1/39 [Terence (4)]
  2387 | D:3      | Slain by Terence

Illustrated notes

Levels and vault maps discovered:
D:1:      minmay_arrival_arboretum_small, layout_basic,
          chequers_serial_rivers_micro_e, chequers_serial_rivers_micro_b
D:2:      layout_rooms, hellmonk_ecumenical_altar_arch_garden, basic_altar,
          minivault_23
D:3:      layout_basic, vehumet_altar_wand_db, chequers_serial_rivers_room_a,
          uniq_terence

Skill      XL: |  1 |
---------------+----+-----
Conjurations   | 1 |  1.8
Fighting       | |  0.9
Dodging        | |  1.6
Stealth        | |  1.6
Spellcasting   | |  3.4
Summonings     | |  0.8
Translocations | |  1.1

Action                   || total
-------------------------++-------
Melee: Dagger            ||    40
       Tailslap          ||     6
       Short sword       ||    40
       Punch             ||     1
 Cast: Magic Dart        ||    71
       Sandblast         ||     1
 Abil: Rolling Charge    ||     2
  Use: Scroll            ||     3
       Potion            ||     2
Armor: Robe              ||     5
       Leather armour    ||    27
       Skin              ||    18
Dodge: Dodged            ||    40
